AoeStats
← Kebabs&Roses

Arena

509961064Analyzed
4v4 RM · 2d ago on Sep 28, 2026· 59m 58s· 8 players
Game mode
Random Map
Map size
Large (8 player)
Population
200
Speed
Normal
Resources
Standard
Victory
Conquest
Starting age
Dark Age
Ending age
Imperial Age
RankedLock teamsTeams togetherTeam positionsShared explorationLock speedFull tech treeHidden civsTurbo modeCheats
Victory
Defeat
🇹🇷 Hindustanis · Türkiye
1117
+17
🇹🇷 Tatars · Türkiye
1103
+17
🇨🇦 Goths · Canada
1076
+18
🇧🇪 Franks · Belgium
1072
+18
🇪🇬 Byzantines · Egypt
1168
-19
🇬🇧 Vietnamese · United Kingdom
1137
-18
🇺🇸 Hindustanis · United States
1125
-18
1074
-15
MarieBrutale
10:36 Feudal Age
10:21 Loom
11:07 Double-Bit Axe
11:04 Horse Collar
12:04 Wheelbarrow
17:36 Castle Age
18:34 Bow Saw
18:26 Heavy Plow
25:14 Gold Mining
29:52 Imperial Age
29:36 Hand Cart
29:46 Scale Mail Armor
29:56 Forging
30:13 Capped Ram
31:25 Chain Mail Armor
31:46 Squires
32:24 Iron Casting
32:50 Crop Rotation
33:30 Two-Man Saw
33:10 Elite Huskarl
34:09 Town Watch
35:28 Blast Furnace
35:41 Perfusion
35:12 Man-at-Arms
35:45 Fletching
35:45 Long Swordsman
36:49 Conscription
36:53 Bodkin Arrow
36:24 Two-Handed Swordsman
36:48 Champion
37:50 Pikeman
39:03 Halberdier
40:23 Town Patrol
42:19 Anarchy
56:53 Murder Holes
57:16 Stone Mining
56:58 Sappers
feanor111
7:52 Loom
10:55 Feudal Age
15:21 Castle Age
13:49 Double-Bit Axe
17:55 Bow Saw
19:08 Forging
20:59 Squires
23:01 Iron Casting
22:26 Scale Mail Armor
25:21 Chain Mail Armor
29:40 Imperial Age
28:36 Wheelbarrow
27:46 Town Watch
30:05 Elite Throwing Axeman
32:23 Blast Furnace
31:53 Plate Mail Armor
32:15 Conscription
35:46 Scale Barding Armor
36:52 Husbandry
36:12 Cavalier
37:15 Chain Barding Armor
38:42 Plate Barding Armor
37:54 Paladin
39:21 Gold Mining
39:22 Stone Mining
42:47 Caravan
45:48 Gold Shaft Mining
46:25 Fletching
48:34 Light Cavalry
52:01 Chivalry
Kebabs&Roses
10:15 Feudal Age
11:40 Double-Bit Axe
11:48 Horse Collar
14:29 Castle Age
20:42 Bow Saw
21:39 Heavy Plow
23:13 Gold Mining
24:53 Wheelbarrow
24:04 Loom
25:22 Bloodlines
25:12 Husbandry
26:32 Hand Cart
27:19 Ballistics
26:56 Fletching
28:18 Gold Shaft Mining
30:54 Imperial Age
28:41 Silk Armor
30:49 Bodkin Arrow
30:55 Padded Archer Armor
30:41 Light Cavalry
31:34 Padded Archer Armor
31:36 Bracer
31:41 Scale Barding Armor
31:47 Forging
32:04 Conscription
31:18 Heavy Cavalry Archer
33:33 Chemistry
32:17 Hussar
33:47 Leather Archer Armor
36:06 Ring Archer Armor
35:58 Chain Barding Armor
37:35 Timurid Siegecraft
37:56 Forging
47:34 Plate Barding Armor
47:35 Iron Casting
52:53 Blast Furnace
52:09 Siege Engineers
52:14 Masonry
51:44 Treadmill Crane
52:00 Murder Holes
58:32 Caravan
SaloWarrior
10:56 Feudal Age
12:22 Double-Bit Axe
14:47 Castle Age
14:22 Horse Collar
15:52 Bow Saw
19:41 Wheelbarrow
20:10 Heavy Plow
23:48 Gold Mining
23:54 Stone Mining
25:55 Hand Cart
27:02 Gold Shaft Mining
27:04 Stone Shaft Mining
26:20 Town Watch
29:34 Imperial Age
27:46 Loom
28:03 Town Patrol
28:04 Town Patrol
28:25 Padded Archer Armor
28:15 Fletching
29:11 Masonry
28:57 Murder Holes
29:12 Fortified Wall
29:23 Ballistics
30:27 Leather Archer Armor
31:23 Chemistry
30:29 Siege Engineers
30:35 Fortified Wall
32:00 Conscription
32:41 Ring Archer Armor
32:23 Forging
32:14 Scale Mail Armor
31:43 Elite Ghulam
31:55 Elite Ghulam
33:11 Hoardings
33:32 Conscription
33:16 Grand Trunk Road
37:29 Iron Casting
37:09 Chain Mail Armor
36:51 Bodkin Arrow
37:05 Shatagni
43:23 Scale Barding Armor
44:18 Blast Furnace
43:21 Bracer
43:47 Ballistics
43:33 Caravan
44:54 Bloodlines
44:45 Husbandry
46:05 Heavy Camel Rider
48:18 Imperial Camel Rider
56:37 Coinage
Rincewind
9:46 Feudal Age
14:42 Castle Age
13:07 Double-Bit Axe
13:40 Horse Collar
20:56 Wheelbarrow
22:49 Hand Cart
22:49 Bow Saw
22:52 Heavy Plow
24:24 Squires
24:45 Forging
24:37 Scale Mail Armor
24:28 Fletching
24:39 Padded Archer Armor
24:46 Stone Mining
26:38 Gold Mining
30:09 Imperial Age
28:52 Iron Casting
28:47 Bodkin Arrow
29:15 Ballistics
29:07 Pikeman
30:10 Leather Archer Armor
30:10 Chain Mail Armor
30:55 Bracer
32:00 Chemistry
31:36 Ring Archer Armor
31:13 Elite Skirmisher
33:13 Two-Man Saw
32:46 Crop Rotation
32:49 Plate Mail Armor
33:14 Paper Money
32:47 Elite Fire Lancer
33:36 Thumb Ring
33:42 Imperial Skirmisher
36:00 Arson
38:18 Loom
41:36 Hoardings
48:51 Pikeman
49:44 Halberdier
Sleepy the sexy saxon sheppard
11:13 Feudal Age
11:52 Double-Bit Axe
16:06 Castle Age
23:44 Bow Saw
24:14 Wheelbarrow
25:05 Stone Mining
26:06 Hand Cart
26:22 Caravan
30:02 Imperial Age
28:36 Forging
28:29 Padded Archer Armor
28:35 Scale Barding Armor
28:25 Loom
29:24 Murder Holes
29:50 Ballistics
29:52 Chain Barding Armor
30:25 Forging
30:17 Husbandry
30:35 Cavalier
31:52 Plate Barding Armor
32:01 Iron Casting
31:26 Treadmill Crane
32:48 Chemistry
31:13 Elite Skirmisher
32:21 Chivalry
32:42 Conscription
32:47 Paladin
45:02 Blast Furnace
43:56 Fletching
43:57 Town Watch
46:49 Imperial Skirmisher
48:51 Scale Mail Armor
50:11 Fortified Wall
50:12 Masonry
49:40 Elite Throwing Axeman
53:49 Arrowslits
58:27 Squires
57:48 Pikeman
58:37 Squires
57:58 Pikeman
58:57 Chain Mail Armor
58:08 Pikeman
58:49 Squires
58:36 Imperial Skirmisher
58:49 Halberdier
Sephiroth
11:38 Feudal Age
15:11 Castle Age
13:09 Double-Bit Axe
13:04 Horse Collar
13:23 Gold Mining
15:06 Loom
15:51 Heavy Plow
21:40 Bow Saw
22:56 Wheelbarrow
24:58 Gold Shaft Mining
27:40 Imperial Age
25:55 Stone Mining
26:43 Hand Cart
27:06 Fortified Wall
28:16 Stone Shaft Mining
30:23 Treadmill Crane
30:43 Murder Holes
33:08 Crop Rotation
33:39 Two-Man Saw
34:12 Fletching
35:35 Chemistry
34:56 Ballistics
34:33 Murder Holes
35:09 Bodkin Arrow
35:42 Conscription
35:57 Elite Cataphract
36:43 Bracer
36:50 Scale Barding Armor
36:55 Forging
38:25 Logistica
38:39 Chain Barding Armor
37:51 Elite Skirmisher
39:05 Caravan
40:01 Iron Casting
40:53 Plate Barding Armor
40:39 Devotion
41:09 Guilds
41:41 Hoardings
41:59 Pikeman
42:40 Squires
43:05 Scale Mail Armor
43:28 Fervor
44:26 Husbandry
44:23 Halberdier
45:42 Chain Mail Armor
48:06 Plate Mail Armor
BrianBoru
10:56 Feudal Age
12:30 Double-Bit Axe
14:53 Castle Age
12:44 Horse Collar
19:32 Wheelbarrow
20:03 Bow Saw
20:55 Heavy Plow
23:19 Gold Mining
24:03 Hand Cart
28:38 Imperial Age
26:34 Padded Archer Armor
26:25 Fletching
26:58 Ballistics
26:25 Elite Skirmisher
28:34 Leather Archer Armor
28:15 Bodkin Arrow
29:56 Gold Shaft Mining
29:13 Stone Mining
28:45 Imperial Skirmisher
29:56 Ring Archer Armor
31:48 Chemistry
30:49 Bracer
31:29 Thumb Ring
33:09 Two-Man Saw
32:12 Grand Trunk Road
38:27 Shatagni
42:31 Light Cavalry
43:22 Bloodlines
43:12 Husbandry
43:19 Scale Barding Armor
43:24 Forging
47:42 Scale Mail Armor
48:02 Chain Barding Armor
48:18 Iron Casting
48:23 Heavy Camel Rider
50:39 Plate Barding Armor
50:11 Imperial Camel Rider
Connection lost

Rejoining the realm…

Still unreachable

The connection could not be restored.

Session expired

The server has moved on; the page needs a fresh start.